 Dungeon Crawl Stone Soup version 0.26-a0-682-g294304f6e8 (webtiles) character file.

Game seed: 9945479983679653039

(classic levelgen) 436 EnegeticOcto the Digger (level 7, 0/43 HPs)
             Began as a Halfling Earth Elementalist on Oct 20, 2020.
             Was an Initiate of Okawaru.
             Slain by a hound (2 damage)
             ... on level 4 of the Dungeon.
             The game lasted 00:07:52 (1253 turns).

EnegeticOcto the Digger (HaEE)                      Turns: 1253, Time: 00:07:53

Health: 0/43       AC:  9    Str:  9    XL:     7   Next: 21%
Magic:  8/9        EV: 14    Int: 15    God:    Okawaru [......]
Gold:   142        SH:  0    Dex: 15    Spells: 3/9 levels left

rFire    . . .     SeeInvis .   p - +0 hand axe
rCold    . . .     Faith    .   (shield restricted)
rNeg     . . .     Spirit   .   m - +1 leather armour
rPois    .         Reflect  .   (no helmet)
rElec    .         Harm     .   e - +0 cloak
rCorr    .         Rampage  .   (no gloves)
MR       .....                  (no boots)
Stlth    ++........             (no amulet)
HPRegen  0.14/turn              h - ring of wizardry
MPRegen  0.11/turn              n - +4 ring of protection

@: no status effects
A: small, mutation resistance 1
a: Renounce Religion


You were on level 4 of the Dungeon.
You worshipped Okawaru.
Okawaru was noncommittal.
You visited 2 branches of the dungeon, and saw 6 of its levels.

You collected 142 gold pieces.

Inventory:

Hand Weapons
 f - a +0 club
 l - the +9 spear of Coyblue {protect, rElec rF- rN++ Stlth+, unknown}
   (You found it on level 4 of the Dungeon)

   It grants its wielder temporary protection when it strikes (+7 to AC).
   It makes you vulnerable to fire.
   It insulates you from electricity.
   It greatly protects you from negative energy.
   It makes you more stealthy.
 p - a +0 hand axe (weapon)
Missiles
 q - 5 boomerangs (quivered)
Armour
 c - a +0 robe
 e - a +0 cloak (worn)
 m - a +1 leather armour (worn)
Jewellery
 h - a ring of wizardry (left hand)
 k - an uncursed ring of protection from magic
 n - a +4 ring of protection (right hand)
 r - an uncursed ring of teleportation
Scrolls
 b - a scroll of teleportation {unknown}
 g - a scroll of enchant armour
Potions
 a - a potion of brilliance {unknown}
 d - a potion of lignification {unknown}
 i - 3 potions of curing {unknown}
 j - a potion of invisibility {unknown}
 o - a potion of degeneration {unknown}


   Skills:
 + Level 1.0 Fighting
 - Level 2.1 Dodging
 - Level 2.1 Stealth
 - Level 1.5 Spellcasting
 - Level 2.0 Conjurations
 - Level 0.5 Transmutations
 + Level 7.0 Earth Magic


You had 3 spell levels left.
You knew the following spells:

 Your Spells              Type           Power        Failure   Level
a - Sandblast             Erth           ###...       1%          1
b - Stone Arrow           Conj/Erth      ##....       6%          3
p - Passwall              Tmut/Erth      ##......     4%          2

Your spell library contained the following spells:

 Spells                   Type           Power        Failure   Level
 Lee's Rapid Deconstruct  Erth           ###.......   21%         5
 Petrify                  Tmut/Erth      ##......     26%         4


Dungeon Overview and Level Annotations

Branches:
Dungeon (5/15)             Temple (1/1) D:5

Altars:
Ashenzari
Cheibriados
Dithmenos
Elyvilon
Kikubaaqudgha
Okawaru
Ru
Sif Muna
Trog
Uskayaw
Vehumet
Wu Jian
Xom
Yredelemnul
Zin

Annotations:
D:4 Dowan
D:5 Eustachio, Ijyb


Innate Abilities, Weirdness & Mutations

You are small and have problems with some larger weapons.
You are somewhat resistant to further mutation.


Message History

You slash the bullfrog skeleton!
The bullfrog skeleton is severely damaged.
The bullfrog skeleton barely misses you. x2
You hit the bullfrog skeleton.
The bullfrog skeleton is severely damaged.
You feel less vulnerable to hostile enchantments.
The bullfrog skeleton completely misses you.
The bullfrog skeleton hits you but does no damage.
You hit the bullfrog skeleton.
The bullfrog skeleton is severely damaged.
The bullfrog skeleton hits you.
You barely miss the bullfrog skeleton.
The bullfrog skeleton is severely damaged.
The bullfrog skeleton hits you but does no damage.
The bullfrog skeleton hits you.
* * * LOW HITPOINT WARNING * * *
You hit the bullfrog skeleton but do no damage.
The bullfrog skeleton is severely damaged.
The bullfrog skeleton completely misses you.
The bullfrog skeleton closely misses you.
You barely miss the bullfrog skeleton.
The bullfrog skeleton is severely damaged.
The bullfrog skeleton misses you.
You hit the bullfrog skeleton.
The bullfrog skeleton is almost destroyed.
The bullfrog skeleton hits you but does no damage.
The bullfrog skeleton closely misses you.
You completely miss the bullfrog skeleton.
The bullfrog skeleton is almost destroyed.
The bullfrog skeleton barely misses you. x2
You barely miss the bullfrog skeleton.
The bullfrog skeleton is almost destroyed.
The bullfrog skeleton barely misses you. x2
You slash the bullfrog skeleton!
You destroy the bullfrog skeleton!
Okawaru accepts your kill. The hound skeleton closely misses you.
You hit the hound skeleton.
The hound skeleton is lightly damaged.
The hound skeleton bites you but does no damage. x2
You hit the hound skeleton but do no damage.
The hound skeleton is lightly damaged.
The hound skeleton bites you.
* * * LOW HITPOINT WARNING * * *
The hound skeleton closely misses you.
You hit the hound skeleton.
The hound skeleton is lightly damaged.
The hound skeleton bites you.
* * * LOW HITPOINT WARNING * * *
You closely miss the hound skeleton.
The hound skeleton is lightly damaged.
The hound skeleton completely misses you. x2
You slash the hound skeleton!
The hound skeleton is heavily damaged.
The hound skeleton bites you.
* * * LOW HITPOINT WARNING * * *
The hound skeleton barely misses you.
You barely miss the hound skeleton.
The hound skeleton is heavily damaged.
The hound skeleton closely misses you.
You hit the hound skeleton.
The hound skeleton is severely damaged.
The hound skeleton barely misses you.
The hound skeleton bites you but does no damage.
You hit the hound skeleton.
The hound skeleton is almost destroyed.
The hound skeleton bites you but does no damage. x2
You hit the hound skeleton.
You destroy the hound skeleton!
Okawaru accepts your kill.
Your Fighting skill increases to level 1!
Your Earth Magic skill increases to level 7!
You aren't carrying any items that you can evoke.
There is an open door here.
As you close the door, it creaks loudly!
There is an open door here.
You close the door.
You start putting on your armour.
You continue putting on your cloak. x4
You finish putting on your +0 cloak.
There is a stone staircase leading down here.
Found a stone staircase leading up.
There is a stone staircase leading up here.
You climb upwards.
The hound barks!
The orc shouts!
A scorpion and an orc come into view.
The orc shouts!
You hear a shout!
Dowan, Brother of Duvessa comes into view.
He is wielding a +0 dagger.
Found 6 gold pieces, a jewelled spear and a scroll of remove curse.
There is a stone staircase leading down here.
The orc misses you. The hound bites you.
* * * LOW HITPOINT WARNING * * *
Found 6 gold pieces.
The hound bites you.
* * * LOW HITPOINT WARNING * * *
You see here a jewelled spear.
l - a jewelled spear The hound pauses to sniff the ground.
The hound bites you.
You die...

.........$......
#...............
................
#.......>os.....
###............
###.....#..#..
#...o..## ##
#...h#.......
#...@#.......
#.###.#.......
... ##..#...$#
... ..#.....
........
........ ##..##
##... .....
#...#. #.....
...... #.....#
......


You could see a scorpion, a hound and 2 orcs.

Vanquished Creatures
  2 ogres
  A scorpion (D:5)
  A bullfrog skeleton (D:5)
  A hound (D:5)
  A centaur skeleton (D:4)
  2 worker ants
  A hound skeleton (D:5)
  A worker ant zombie (D:5)
  2 adders
  An adder zombie (D:5)
  A dart slug (D:5)
  3 orcs (D:5)
  3 giant cockroaches
  4 hobgoblins
  3 jackals (D:1)
  A ball python (D:1)
  4 bats
  12 frilled lizards
  5 goblins (D:1)
  A quokka skeleton (D:5)
  A quokka zombie (D:5)
  3 rats (D:1)
54 creatures vanquished.

Vanquished Creatures (others)
  2 withered plants (D:5)
2 creatures vanquished.

Grand Total: 56 creatures vanquished

Notes
Turn   | Place    | Note
-------+----------+-------------------------------------------
     0 | D:1      | EnegeticOcto the Halfling Earth Elementalist began the
                  | quest for the Orb.
     0 | D:1      | Reached XP level 1. HP: 11/11 MP: 3/3
   126 | D:1      | Reached XP level 2. HP: 16/17 MP: 0/4
   287 | D:1      | Reached skill level 4 in Earth Magic
   287 | D:1      | Reached XP level 3. HP: 8/21 MP: 2/5
   438 | D:2      | Reached XP level 4. HP: 11/27 MP: 0/6
   455 | D:2      | Learned a level 2 spell: Passwall
   459 | D:2      | Learned a level 3 spell: Stone Arrow
   574 | D:3      | Found a hide-covered altar of Uskayaw.
   615 | D:4      | Reached skill level 1 in Conjurations
   615 | D:4      | Reached skill level 5 in Earth Magic
   670 | D:4      | Noticed an ogre
   677 | D:4      | Killed an ogre
   677 | D:4      | Reached skill level 2 in Conjurations
   677 | D:4      | Reached XP level 5. HP: 31/31 MP: 0/7
   705 | D:5      | Entered Level 5 of the Dungeon
   783 | D:5      | Reached XP level 6. HP: 11/36 MP: 0/8
   833 | D:5      | Found a staircase to the Ecumenical Temple.
   839 | Temple   | Entered the Ecumenical Temple
   932 | Temple   | Became a worshipper of Warmaster Okawaru
   950 | D:5      | Reached skill level 6 in Earth Magic
   995 | D:5      | Noticed an ogre
  1028 | D:5      | Killed an ogre
  1028 | D:5      | Reached XP level 7. HP: 10/41 MP: 1/9
  1035 | D:5      | Noticed Eustachio
  1054 | D:5      | Found a sacrificial altar of Ru.
  1060 | D:5      | Noticed Ijyb
  1220 | D:5      | Reached skill level 1 in Fighting
  1220 | D:5      | Reached skill level 7 in Earth Magic
  1247 | D:4      | Noticed Dowan
  1251 | D:4      | HP: 1/43 [hound (3)]
  1253 | D:4      | Got a jewelled spear
  1253 | D:4      | Slain by a hound

Illustrated notes

Levels and vault maps discovered:
D:1:      dpeg_arrival_short_road, layout_basic, minmay_lizard_pond
D:2:      layout_basic
D:3:      layout_loops_ring, eat_drink_and_be_merry_uskayaw,
          chequers_ecumenical_altar_simple
D:4:      layout_cave_pools, lemuel_round_altar, uniq_duvessa
D:5:      layout_basic, old_standard_altar, minmay_temple_entry_arrows,
          serial_undead, serial_undead_e, serial_undead_a, serial_undead_e,
          serial_undead_b, hangedman_decor_points, uniq_eustachio, uniq_ijyb,
          uniq_sigmund
Temple:   nicolae_temple_figure_eight

Skill      XL: |  1  2  3  4  5  6  7 |
---------------+----------------------+-----
Earth Magic    | 4 5 6 7 |  7.0
Conjurations   | 2 |  2.0
Fighting       | 1 |  1.0
Dodging        | |  2.1
Stealth        | |  2.1
Spellcasting   | |  1.5
Transmutations | |  0.5

Action                   |  1- 3 |  4- 6 |  7- 9 || total
-------------------------+-------+-------+-------++-------
Melee: Unarmed           |     6 |       |       ||     6
       Club              |    45 |    55 |    10 ||   110
       Hand axe          |       |       |    37 ||    37
 Cast: Sandblast         |    31 |    17 |       ||    48
       Stone Arrow       |       |     8 |     5 ||    13
  Use: Scroll            |       |       |     4 ||     4
 Stab: Sleeping          |       |     1 |       ||     1
Armor: Robe              |     8 |     2 |       ||    10
       Leather armour    |       |     5 |    18 ||    23
Dodge: Dodged            |    63 |    62 |    39 ||   164

Table legend: (Time is in decaauts)
 A = Elapsed time spent in this place.
 B = Non-inter-level travel time spent in this place.
 C = Inter-level travel time spent in this place.
 D = Time resting spent in this place.
 E = Time spent auto-exploring this place.
 F = Levels seen in this place.
 G = Mean time per level.
                   A        B        C        D        E       F      G
               +--------+--------+--------+--------+--------+-----+--------+
         Total |   1298 |   1270 |     28 |      0 |      0 |   6 |  216.3 |
       Dungeon |   1192 |   1164 |     28 |      0 |      0 |   5 |  238.4 |
        Temple |    105 |    105 |      0 |      0 |      0 |   1 |  105.0 |
               +--------+--------+--------+--------+--------+-----+--------+

Top non-repeatable levels by time:
     D:5: 459 daAuts
     D:1: 443 daAuts
     D:2: 122 daAuts
  Temple: 105 daAuts
     D:4: 99 daAuts
     D:3: 67 daAuts
